 Seeded DCSS version 0.30.1-9-gdf580d7c3d (webtiles) character file.

Game seed: 5250533582392553559 (custom seed)

88 Psyclone the Conjurer (level 4, -1/24 HPs)
             Began as a Deep Elf Conjurer on Oct 1, 2023.
             Succumbed to Crazy Yiuf's poison
             ... on level 2 of the Dungeon.
             The game lasted 00:03:18 (2405 turns).

Psyclone the Conjurer (Deep Elf Conjurer)           Turns: 2405, Time: 00:03:18

Health: -1/24      AC:  2    Str:  4    XL:     4   Next: 29%
Magic:  1/12       EV: 12    Int: 25    God:
Gold:   84         SH:  0    Dex: 13    Spells: 10/11 levels left

rFire   . . .        (no weapon)
rCold   . . .        (no shield)
rNeg    + . .        a - +0 robe
rPois   .            (no helmet)
rElec   .            (no cloak)
rCorr   .            (no gloves)
SInv    .            (no boots)
Will    .....        (no amulet)
Stlth   ++           g - ring of positive energy
HPRegen 0.24/turn    (no ring)
MPRegen 0.13/turn

%: no passive effects
@: lethally poisoned (-1 -> -9)
A: no striking features
a: no special abilities


You were on level 2 of the Dungeon.
You visited 1 branch of the dungeon, and saw 2 of its levels.

You collected 84 gold pieces.

Inventory:

Armour
 a - a +0 robe (worn)
Magical Staves
 n - a staff of poison
Jewellery
 g - a ring of positive energy (left hand)
 l - a ring of ice
Scrolls
 c - 2 scrolls of identify {unknown}
 d - a scroll of fear {unknown}
 e - a scroll of torment {unknown}
 f - a scroll of vulnerability {unknown}
 h - 3 scrolls of enchant armour {unknown}
 i - 2 scrolls of enchant weapon {unknown}
 k - a scroll of magic mapping {unknown}
 q - a scroll of fog {unknown}
Potions
 b - 2 potions of magic
 j - a potion of invisibility {unknown}
 m - a potion of curing {unknown}
 o - a potion of mutation {unknown}
 p - a potion of ambrosia {unknown}
 r - a potion of attraction {unknown}


   Skills:
 - Level 2.4 Dodging
 - Level 2.4 Stealth
 + Level 4.2 Spellcasting
 * Level 5.8 Conjurations


You had 10 spell levels left.
You knew the following spells:

 Your Spells              Type           Power      Damage    Failure   Level
a - Magic Dart            Conj           100%       1d8       1%          1

Your spell library contained the following spells:

 Spells                   Type           Power      Damage    Failure   Level
 Searing Ray              Conj           68%        2d6       1%          2
 Dazzling Flash           Conj/Hex       40%        N/A       8%          3
 Lesser Beckoning         Tloc           10%        N/A       14%         2
 Gell's Gravitas          Tloc           5%         N/A       26%         3
 Teleport Other           Tloc           5%         N/A       26%         3
 Fulminant Prism          Conj/Hex       10%        3d8       26%         4
 Iskenderun's Mystic Bla  Conj/Tloc      20%        2d6       26%         4


Dungeon Overview and Level Annotations

Branches:
Dungeon (2/15) Zot: 9593

Altars:

Shops:
D:1 :*

Annotations:
D:2 Crazy Yiuf


Message History

Casting: Magic Dart (safe; 1% risk of failure)
Confirm with . or Enter, or press ? or * to list all spells.
Aiming: Magic Dart (safe; 1% risk of failure)
Press: ? - help, Shift-Dir - straight line, f/p - Crazy Yiuf
Aim: Crazy Yiuf, wielding a +3 quarterstaff of chaos and wearing a +0 cloak (lightly wounded, 100% to hit)
The magic dart hits Crazy Yiuf.
Crazy Yiuf is lightly wounded.
Crazy Yiuf grits, "Orb!
Flower disdain ladder."
Crazy Yiuf barely misses you.
You now have 9/12 mp.
Casting: Magic Dart (safe; 1% risk of failure)
Confirm with . or Enter, or press ? or * to list all spells.
Aiming: Magic Dart (safe; 1% risk of failure)
Press: ? - help, Shift-Dir - straight line, f/p - Crazy Yiuf
Aim: Crazy Yiuf, wielding a +3 quarterstaff of chaos and wearing a +0 cloak (lightly wounded, 100% to hit)
The magic dart hits Crazy Yiuf.
Crazy Yiuf is heavily wounded.
Crazy Yiuf hits you with a +3 quarterstaff of chaos!
* * * LOW HITPOINT WARNING * * *
You feel your power leaking away.
You take 9 damage, and have 5/24 hp.
MASSIVE DAMAGE!!
You now have 3/12 mp.
Casting: Magic Dart (safe; 1% risk of failure)
Confirm with . or Enter, or press ? or * to list all spells.
Aiming: Magic Dart (safe; 1% risk of failure)
Press: ? - help, Shift-Dir - straight line, f/p - Crazy Yiuf
Aim: Crazy Yiuf, wielding a +3 quarterstaff of chaos and wearing a +0 cloak (heavily wounded, 100% to hit)
The magic dart hits Crazy Yiuf.
Crazy Yiuf is heavily wounded.
Crazy Yiuf hits you with a +3 quarterstaff of chaos.
* * * LOW HITPOINT WARNING * * *
You are lethally poisoned!
You take 4 damage, and have 1/24 hp.
You now have 2/12 mp.
Casting: Magic Dart (safe; 1% risk of failure)
Confirm with . or Enter, or press ? or * to list all spells.
Aiming: Magic Dart (safe; 1% risk of failure)
Press: ? - help, Shift-Dir - straight line, f/p - Crazy Yiuf
Aim: Crazy Yiuf, wielding a +3 quarterstaff of chaos and wearing a +0 cloak (heavily wounded, 100% to hit)
The magic dart hits Crazy Yiuf.
Crazy Yiuf is severely wounded.
You die...

#....#
###....###...
##..##
#......#...
♣..P.♣
#......#)..
♣...♣♣
#......#... ♣♣.♣♣
#.....##... ♣.♣♣
#>....##.#. ♣♣.♣
#.....##.#. ♣.♣♣
###...##.#. ♣♣@♣
#...##.#. #g#
#......#. ...
####........
#...#
#...........
#..)#
#######...(.
#####
#...........
#...........
######..<....###.
#................


You could see Crazy Yiuf.

Vanquished Creatures
  5 adders (D:2)
  A dart slug (D:2)
  2 ball pythons
  7 endoplasms
  3 giant cockroaches (D:1)
  A hobgoblin (D:2)
  4 jackals (D:1)
  A quokka (D:2)
  7 bats (D:2)
  A frilled lizard (D:1)
  A goblin (D:2)
  2 kobolds
  5 rats
40 creatures vanquished.

Notes
Turn   | Place    | Note
-------+----------+-------------------------------------------
     0 | D:1      | Psyclone the Deep Elf Conjurer began the quest for the Orb.
     0 | D:1      | Reached XP level 1. HP: 10/10 MP: 6/6
   214 | D:1      | Found Syurgheu's Book Shoppe.
   336 | D:1      | Reached XP level 2. HP: 15/15 MP: 6/8
   386 | D:1      | Found Sugreud's Assorted Antiques.
   659 | D:1      | Reached skill level 5 in Conjurations
  1193 | D:2      | Reached XP level 3. HP: 19/19 MP: 7/10
  1741 | D:2      | Reached XP level 4. HP: 24/24 MP: 7/12
  2157 | D:2      | Found a runed translucent door.
  2158 | D:2      | Noticed Crazy Yiuf
  2404 | D:2      | HP: 1/24 [Crazy Yiuf/+3 quarterstaff of chaos (5)]
  2405 | D:2      | Succumbed to Crazy Yiuf's poison

Illustrated notes

Levels and vault maps discovered:
D:1:      minmay_arrival_split_and_join, layout_loops_corners, serial_shops,
          nicolae_shop_overgrown_old_shop, shop, roderic_roman_lattice
D:2:      layout_basic, roderic_serpentine_path, kennysheep_generic_room_16,
          uniq_crazy_yiuf_cottage

Skill      XL: |  1  2  3 |
---------------+----------+-----
Conjurations   | 5 |  5.8
Spellcasting   | 4 |  4.2
Dodging        | |  2.4
Stealth        | |  2.4

Action                     |  1- 3 |  4- 6 || total
---------------------------+-------+-------++-------
   Cast: Magic Dart        |    53 |    27 ||    80
  Dodge: Dodged            |     3 |     1 ||     4
